Map: Ultralove

Players

Roedie

  • Race: Zerg Zerg
  • League: Diamond
  • Spawn Location: 7:00

ManlyManMeat - Winner!

  • Race: Zerg Zerg
  • League: Diamond
  • Spawn Location: 1:00

VOD

Have the link to the VOD?

Description

Time

  • Played on: July 2, 2025, 12:32 p.m.
  • Length: 7:26
Show
View Real Time Build Order
Export as new Build Order

Roedie Zerg 

Build Orders: Hatch First 

Get SALT Encoding   

  12  0:00  Drone  
  13  0:13  Overlord  
  13  0:17  Drone  
  14  0:32  Drone x2  
  14  0:35  Drone  
  17  0:51  Hatchery  
  17  0:52  Drone  
  17  0:56  Drone  
  18  1:05  Extractor  
  18  1:10  Spawning Pool  
  16  1:13  Drone  
  17  1:18  Drone  
  18  1:30  Drone  
  19  1:39  Drone  
  20  1:50  Overlord  
  20  2:02  Queen  
  20  2:03  Queen  
  20  2:05  Drone x2  
  26  2:12  Drone  
  26  2:14  Metabolic Boost  
  27  2:17  Zergling x2  
  28  2:25  Zergling x4  
  30  2:33  Drone  
  31  2:52  Drone x3  
  31  2:54  Queen  
  36  3:03  Hatchery  
  35  3:07  Drone  
  35  3:08  Overlord  
  36  3:13  Roach Warren  
  36  3:17  Drone, Overlord  
  36  3:26  Overlord  
  36  3:27  Drone x3  
  36  3:32  Extractor  
  38  3:34  Queen  
  40  3:48  Zergling x10  
  42  3:59  Zergling x4  
  43  4:06  Roach x5  
  43  4:07  Zergling x2  
  52  4:18  Zergling x4  
  53  4:24  Roach  
  55  4:31  Spine Crawler  
  55  4:32  Queen, Roach x2  
  60  4:39  Drone x2  
  55  4:49  Drone x2  
  55  4:50  Drone x3  
  60  4:53  Queen  
  62  5:01  Evolution Chamber  
  52  5:21  Spine Crawler  
  52  5:25  Roach x5  
  52  5:26  Ravager  
  62  5:28  Drone x4  
  62  5:30  Overlord  
  66  5:39  Spine Crawler  
  65  5:46  Drone  
  65  5:47  Overlord x2  
  66  6:01  Drone x3  
  69  6:04  Spine Crawler  
  62  6:19  Roach  
  62  6:20  Roach x6  
  67  6:29  Roach x2  
  69  6:42  Roach  
  71  6:59  Extractor  
Show
View Real Time Build Order
Export as new Build Order

ManlyManMeat Zerg - Winner!

Build Orders: Hatch First, Zergling Baneling 

Get SALT Encoding   

  12  0:00  Drone  
  13  0:08  Drone  
  14  0:14  Extractor  
  14  0:16  Drone  
  15  0:24  Overlord  
  15  0:43  Drone  
  15  0:47  Hatchery  
  15  0:52  Drone  
  15  0:53  Drone  
  17  0:57  Drone  
  18  1:10  Spawning Pool  
  17  1:13  Extractor  
  17  1:15  Drone  
  17  1:26  Drone  
  18  1:36  Drone  
  19  1:48  Drone  
  20  1:58  Queen x2  
  20  2:00  Zergling x4  
  26  2:09  Overlord  
  26  2:14  Metabolic Boost  
  26  2:16  Zergling x2  
  26  2:21  Drone  
  28  2:25  Overlord  
  28  2:32  Drone x2  
  30  2:37  Baneling Nest  
  29  2:49  Drone x2  
  31  3:01  Zergling x4  
  33  3:06  Drone x2  
  33  3:10  Hatchery  
  35  3:12  Zergling x2  
  35  3:14  Zergling x2  
  35  3:16  Zergling x2  
  37  3:22  Zergling x4  
  37  3:23  Baneling  
  37  3:24  Baneling  
  39  3:32  Zergling x4  
  41  3:41  Zergling x4  
  42  3:50  Zergling x4  
  42  4:01  Baneling x3  
  42  4:02  Overlord  
  41  4:03  Overlord, Queen  
  43  4:15  Zergling x4  
  42  4:23  Zergling x4  
  42  4:24  Zergling x10  
  49  4:36  Baneling x5  
  49  4:38  Zergling x4  
  49  4:39  Zergling x2  
  50  4:46  Zergling x10  
  55  4:55  Roach Warren  
  53  5:08  Zergling x12  
  53  5:24  Overlord  
  53  5:25  Overlord  
  53  5:27  Overlord  
  53  5:34  Evolution Chamber  
  52  5:36  Baneling x2  
  52  5:39  Baneling  
  52  5:40  Baneling  
  52  5:45  Roach  
  52  5:46  Roach x2  
  58  5:50  Drone x2  
  58  5:51  Extractor  
  58  5:52  Drone  
  53  6:20  Roach x6  
  53  6:21  Zergling x2  
  63  6:33  Zergling x10  
  67  6:42  Drone x3  
  67  6:46  Baneling  
  70  6:47  Baneling x2  
  70  6:48  Baneling  
  70  6:49  Baneling  
Tags
 
Matchup
ZvZ
Race
Zerg
Replay Pack
Myownreplay2
Spawn Locations
Cross Positions
Add a new tag
Caveats
  • Supply blocks, unpowered buildings, or Contaminate may cause inaccurate times.
  • Supply counts are checked every 10 seconds.